Map: Odyssey LE

Players

Serral - Winner!

  • Race: Zerg Zerg
  • Spawn Location: 11:00

PtitDrogo

  • Race: Protoss Protoss
  • Spawn Location: 5:00

Event: WCS Jonkoping 2017

VOD

Have the link to the VOD?

Description

Time

  • Played on: June 19, 2017, 7:10 a.m.
  • Length: 6:22

All games in this series

Show
View Real Time Build Order
Export as new Build Order

Serral Zerg - Winner!

Build Orders: Hatch First 

Get SALT Encoding   

  12  0:00  Drone  
  13  0:12  Overlord  
  13  0:18  Drone  
  14  0:30  Drone x2  
  14  0:34  Drone  
  17  0:51  Hatchery  
  17  0:55  Drone  
  17  0:58  Drone  
  18  1:09  Extractor  
  17  1:12  Spawning Pool  
  17  1:15  Drone  
  17  1:19  Drone  
  18  1:28  Drone  
  19  1:38  Overlord  
  19  1:49  Drone  
  20  2:00  Queen  
  20  2:01  Zergling x2  
  23  2:04  Queen, Zergling x2  
  26  2:09  Metabolic Boost  
  26  2:12  Drone  
  26  2:14  Drone  
  28  2:23  Drone  
  28  2:24  Drone  
  30  2:32  Drone  
  31  2:37  Hatchery  
  31  2:43  Overlord  
  30  2:51  Zergling x2, Drone  
  32  3:00  Zergling x4  
  32  3:04  Queen  
  36  3:06  Evolution Chamber  
  36  3:10  Zergling x2  
  36  3:11  Zergling x6  
  39  3:16  Zergling x4  
  39  3:17  Zergling x2  
  42  3:22  Zergling x4  
  44  3:34  Overlord  
  44  3:51  Zergling x2  
  44  3:52  Zergling x12  
  50  4:06  Zergling x10  
  51  4:18  Zergling x8  
  51  4:19  Zergling x6  
  56  4:33  Spore Crawler  
  56  4:35  Zergling x8  
  55  4:49  Zergling x4  
  55  4:50  Zergling x4  
  55  4:57  Zergling x8  
  49  5:08  Zergling x14  
  56  5:18  Zergling x4  
  51  5:28  Baneling Nest  
  51  5:30  Roach Warren  
  51  5:33  Zergling x12  
  55  5:45  Drone x2  
  55  5:46  Drone  
  55  5:48  Overlord  
  53  5:50  Overlord  
  53  5:51  Overlord  
  53  5:54  Overlord  
  51  5:58  Overlord  
  51  5:59  Drone  
Show
View Real Time Build Order
Export as new Build Order

PtitDrogo Protoss 

Build Orders: Nexus First 

Get SALT Encoding   

  12  0:01  Probe (Chrono Boost)  
  13  0:11  Probe (Chrono Boost)  
  14  0:18  Pylon  
  14  0:22  Probe (Chrono Boost)  
  15  0:36  Probe (Chrono Boost)  
  16  0:46  Probe (Chrono Boost)  
  17  0:58  Nexus  
  17  1:08  Gateway  
  17  1:11  Probe (Chrono Boost)  
  17  1:16  Assimilator  
  18  1:22  Probe (Chrono Boost)  
  18  1:25  Assimilator  
  20  1:32  Probe (Chrono Boost)  
  20  1:43  Probe (Chrono Boost)  
  21  1:54  Probe (Chrono Boost)  
  22  1:56  Cybernetics Core  
  22  1:57  Pylon  
  22  2:04  Probe (Chrono Boost)  
  23  2:10  Zealot (Chrono Boost)  
  23  2:11  Probe (Chrono Boost)  
  23  2:15  Probe (Chrono Boost)  
  27  2:22  Probe (Chrono Boost)  
  28  2:25  Probe (Chrono Boost)  
  28  2:29  Warp Gate  
  29  2:32  Probe (Chrono Boost)  
  29  2:34  Probe  
  33  2:37  Stalker (Chrono Boost)  
  33  2:41  Gateway  
  33  2:44  Probe  
  33  2:45  Probe  
  35  2:55  Probe  
  35  2:56  Probe  
  37  3:05  Twilight Council  
  37  3:06  Robotics Facility  
  37  3:15  Mothership Core (Chrono Boost)  
  39  3:20  Gateway  
  39  3:24  Gateway  
  39  3:33  Pylon  
  39  3:40  Charge (Chrono Boost)  
  39  3:42  Gateway  
  39  3:43  Gateway  
  39  3:50  Gateway  
  39  3:54  Gateway  
  39  4:00  Pylon  
  39  4:02  Probe  
  40  4:06  Probe  
  39  4:11  Pylon  
  39  4:14  Probe  
  35  4:18  Probe  
  34  4:26  Probe  
  34  4:28  Pylon  
  34  4:30  Pylon  
  35  4:37  Zealot  
  35  4:39  Probe  
  35  4:40  Zealot x2  
  39  4:50  Zealot  
  39  4:54  Zealot  
  39  4:59  Zealot  
  41  5:04  Zealot  
  34  5:13  Zealot  
  29  5:23  Zealot  
  28  5:38  Zealot  
  30  5:48  Zealot  
  29  5:51  Zealot  
  23  6:08  Zealot  
Tags
 
Add a new tag
Caveats
  • Supply blocks, unpowered buildings, or Contaminate may cause inaccurate times.
  • Supply counts are checked every 10 seconds.